 Dungeon Crawl Stone Soup version 0.27.0-1-g7a089689b8 (webtiles) character file.

Game seed: 16790728348208584152

64 mainiacjoe the Stinger (level 3, -2/26 HPs)
             Began as a Draconian Venom Mage on Aug 9, 2021.
             Slain by a scorpion (5 damage)
             ... on level 3 of the Dungeon.
             The game lasted 00:06:50 (2263 turns).

mainiacjoe the Stinger (Draconian Venom Mage)       Turns: 2263, Time: 00:06:51

Health: -2/26      AC:  6    Str: 10    XL:     3   Next: 91%
Magic:  6/6        EV: 12    Int: 16    God:
Gold:   123        SH:  0    Dex: 11    Spells: 3/6 levels left

rFire    . . .     SeeInvis +   a - +0 war axe
rCold    + . .     Faith    .   (no shield)
rNeg     . . .     Spirit   .   (armour unavailable)
rPois    .         Reflect  .   l - +1 hat
rElec    .         Harm     .   (no cloak)
rCorr    .         Rampage  .   (no gloves)
Will     .....                  (no boots)
Stlth    +.........             (no amulet)
HPRegen  0.08/turn              c - ring of protection from cold {=R}
MPRegen  0.10/turn              e - ring of see invisible

@: confused, lethally poisoned (-2 -> -21), ambrosia-drunk
A: AC +5, unfitting armour, cold-blooded
a: no special abilities


You were on level 3 of the Dungeon.
You visited 1 branch of the dungeon, and saw 3 of its levels.

You collected 123 gold pieces.

Inventory:

Hand Weapons
 a - a +0 war axe (weapon)
 b - a +0 hunting sling
 i - a +0 dagger
 m - a +0 short sword
Missiles
 h - 47 stones (quivered)
 k - 26 bolts
 n - 26 arrows
 o - a throwing net {=F}
Armour
 l - a +1 hat (worn)
Jewellery
 c - a ring of protection from cold (left hand) {=R}
 e - a ring of see invisible (right hand)
Scrolls
 f - a scroll of magic mapping {unknown}
Potions
 g - a potion of resistance {unknown}
 j - a potion of lignification


   Skills:
 - Level 1.9 Dodging
 - Level 2.0 Stealth
 - Level 2.1 Spellcasting
 - Level 1.2 Transmutations
 + Level 4.5 Poison Magic


You had 3 spell levels left.
You knew the following spells:

 Your Spells              Type           Power      Damage    Failure   Level
a - Sting                 Tmut/Pois      40%        1d5       6%          1
b - Poisonous Vapours     Pois/Air       16%        N/A       12%         2

Your spell library contained the following spells:

 Spells                   Type           Power      Damage    Failure   Level
 Mephitic Cloud           Conj/Pois/Air  6%         N/A       32%         3
 Olgreb's Toxic Radiance  Pois           16%        N/A       32%         4


Dungeon Overview and Level Annotations

Branches:
Dungeon (3/15)

Altars:
Qazlal
Ru

Shops:
D:1 [

Annotations:
D:3 exclusion: necrophage


Innate Abilities, Weirdness & Mutations

Your plain brown scales are hard. (AC +5)
You cannot fit into any form of body armour.
You are cold-blooded and may be slowed by cold attacks.


Message History

You shoot a stone. The stone hits the scorpion.
The scorpion is lightly wounded.
You shoot a stone. The stone hits the scorpion.
The scorpion is lightly wounded.
You shoot a stone.
The stone hits the scorpion but does no damage.
The scorpion is lightly wounded.
The scorpion closely misses you.
Casting: Sting (safe; 6% risk of failure)
Confirm with . or Enter, or press ? or * to list all spells.
Aiming: Poisonous Vapours (safe; 12% risk of failure)
Press: ? - help, Dir - move target, f/p - scorpion
Aim: a scorpion (lightly wounded) Poisonous vapours surround the scorpion!
The scorpion is poisoned.
The scorpion stings you!
You are poisoned.
The scorpion poisons you!
You feel very sick.
You feel very sick.
You feel sick.
You feel sick.
The scorpion looks more healthy.
The scorpion stings you.
* * * LOW HITPOINT WARNING * * *
* * * LOW HITPOINT WARNING * * *
You feel sick.
You are confused.
You feel invigorated.
You feel sick. The scorpion closely misses you.
a - a +0 war axe (weapon)
The scorpion stings you.
* * * LOW HITPOINT WARNING * * *
You are lethally poisoned!
The scorpion poisons you!
You barely miss the scorpion.
The scorpion is moderately wounded.
* * * LOW HITPOINT WARNING * * *
You feel very sick. The scorpion stings you.
* * * LOW HITPOINT WARNING * * *
You are more poisoned.
The scorpion poisons you! The scorpion stings you.
You die...

#.....# #.# #)....# ##.#
#.....# ...
#####.#.#.########.#
..##.#.......†.†..#
#.##......>.##...†.
####.##.....##.#.....#
#.....##.#####.##....#
#.#..@......##.###...#
.##.##.#..s##.##.##.#
##.##
..............##.##÷#
#...# ######..#.#........#
#...# #..#.#.###.####
#...# #..#...###.## #...#
#...(...##..##...#####...#
#(......##..#..#..........
#.............###.........


You could see a scorpion.

Vanquished Creatures
  An adder (D:3)
  2 dart slugs (D:1)
  4 ball pythons
  A bat (D:1)
  4 endoplasms
  A giant cockroach (D:2)
  6 goblins
  4 hobgoblins
  7 jackals
  5 kobolds (D:1)
  2 quokkas (D:3)
  2 frilled lizards
  5 rats
44 creatures vanquished.

Notes
Turn   | Place    | Note
-------+----------+-------------------------------------------
     0 | D:1      | mainiacjoe the Draconian Venom Mage began the quest for the
                  | Orb.
     0 | D:1      | Reached XP level 1. HP: 14/14 MP: 3/3
   114 | D:1      | Reached XP level 2. HP: 20/20 MP: 3/5
   251 | D:1      | Found a faded altar of an unknown god.
   267 | D:1      | Learned a level 2 spell: Poisonous Vapours
   598 | D:1      | Found Awinionn's Antique Armour Shop.
   708 | D:1      | Reached XP level 3. HP: 22/26 MP: 2/6
  1279 | D:2      | Reached skill level 4 in Poison Magic
  1638 | D:3      | Noticed a necrophage
  1728 | D:3      | Found a sacrificial altar of Ru.
  1872 | D:3      | Found a stormy altar of Qazlal.
  2251 | D:3      | Noticed a scorpion
  2263 | D:3      | Slain by a scorpion

Illustrated notes

Levels and vault maps discovered:
D:1:      saegor_arrival_simple_c, layout_basic, serial_shops, shop,
          hellmonk_ecumenical_altar_blasted
D:2:      layout_basic, minivault_25
D:3:      layout_loops_cross, mainiacjoe_overflow_surrounded_room,
          grunt_qazlal_sundering

Skill      XL: |  1  2  3 |
---------------+----------+-----
Stealth        | 2 |  2.0
Poison Magic   | 4 |  4.5
Dodging        | |  1.9
Spellcasting   | |  2.1
Transmutations | |  1.2

Action                   || total
-------------------------++-------
Melee: Dagger            ||    27
       Tailslap          ||     1
       War axe           ||    18
 Fire: Hunting sling     ||    60
Throw: Stone             ||    10
 Cast: Sting             ||    32
       Poisonous Vapours ||     7
  Use: Scroll            ||     2
       Potion            ||     1
 Stab: Sleeping          ||     1
Armor: Skin              ||    23
Dodge: Dodged            ||    52
